 Dungeon Crawl Stone Soup version 0.25.0-11-g1f837a76a1 (webtiles) character file.

Game seed: 12894442400125722721

162 Flugkiller the Grave Robber (level 5, -1/44 HPs)
             Began as a Deep Dwarf Necromancer on June 26, 2020.
             Slain by Duvessa
             ... wielding a +2 rapier of speed
              (15 damage)
             ... on level 4 of the Dungeon.
             The game lasted 00:04:51 (1305 turns).

Flugkiller the Grave Robber (DDNe)                  Turns: 1305, Time: 00:04:52

Health: -1/44      AC:  2    Str: 11    XL:     5   Next: 19%
Magic:  3/9        EV: 12    Int: 16    God:
Gold:   70         SH:  0    Dex: 14    Spells: 5/10 levels left

rFire    . . .     SeeInvis .   i - +2 dagger (protect)
rCold    . . .     Gourm    .   (no shield)
rNeg     . . .     Faith    .   a - +0 robe
rPois    .         Spirit   .   (no helmet)
rElec    .         Reflect  .   (no cloak)
rCorr    .         Harm     .   (no gloves)
MR       .....                  (no boots)
Stlth    ++........             (no amulet)
HPRegen  0.00/turn              j - ring of flight
MPRegen  0.11/turn              (no ring)

@: non-regenerating
A: damage resistance, heal wounds, sense surroundings 1, no regeneration
a: Heal Wounds, Evoke Flight


You were on level 4 of the Dungeon.
You were hungry.

You visited 1 branch of the dungeon, and saw 4 of its levels.

You collected 70 gold pieces.

Inventory:

Hand Weapons
 i - a +2 dagger of protection (weapon)
   (You found it on level 3 of the Dungeon)
Armour
 a - a +0 robe (worn)
Jewellery
 j - a ring of flight (left hand)
   (You found it on level 3 of the Dungeon)
Scrolls
 d - a scroll of amnesia {unknown}
 e - a scroll of remove curse {unknown}
 f - a scroll of blinking {unknown}
 h - 2 scrolls of identify {unknown}
 k - a scroll of enchant armour {unknown}
Potions
 b - 2 potions of curing
 g - a potion of magic {unknown}
 m - a potion of haste {unknown}
Comestibles
 c - 4 rations


   Skills:
 - Level 1.0 Fighting
 - Level 2.1 Dodging
 - Level 2.4 Stealth
 + Level 3.3 Spellcasting
 + Level 5.8 Necromancy


You had 5 spell levels left.
You knew the following spells:

 Your Spells              Type           Power        Failure   Level  Hunger
a - Pain                  Necr           ###.         1%          1    None
b - Animate Skeleton      Necr           N/A          1%          1    None
c - Vampiric Draining     Necr           ###.......   4%          3    ###....

Your spell library contained the following spells:

 Spells                   Type           Power        Failure   Level  Hunger
 Animate Dead             Necr           N/A          17%         4    ####...
 Agony                    Necr           ###.....     43%         5    ######.


Dungeon Overview and Level Annotations

Branches:
Dungeon (4/15)
 Temple: D:4-7

Altars:
Okawaru
Qazlal
Wu Jian
Xom
The Shining One

Shops:
D:4 *

Annotations:
D:4 exclusion: ogre, Dowan, Duvessa


Innate Abilities, Weirdness & Mutations

You are resistant to damage.
You can heal yourself by infusing magical energy.
You passively map a small area around you.
You do not regenerate.


Message History

An orc comes into view. It is wielding a +0 mace.
Duvessa roars, "You can run, but you cannot escape us forever!"
Dowan casts a spell at Duvessa.
Duvessa seems to speed up.
All of the chunks of flesh in your inventory have rotted away.
Duvessa closely misses you.
Duvessa hits you with a +2 rapier of speed.
You hit Duvessa.
Your weapon exudes an aura of protection.
Duvessa is lightly wounded.
Duvessa drinks a potion.
Duvessa seems to grow stronger.
You closely miss Duvessa.
Duvessa is lightly wounded.
Duvessa hits you with a +2 rapier of speed.
Duvessa hits you with a +2 rapier of speed!
* * * LOW HITPOINT WARNING * * *
Casting: Vampiric Draining (dangerous; 4% risk of failure)
Confirm with . or Enter, or press ? or * to list all spells.
Aiming: Vampiric Draining (dangerous; 4% risk of failure)
Press: ? - help, Shift-Dir - straight line, f - Duvessa
Aim: Duvessa, wielding a +2 rapier of speed and wearing a +2 leather armour of cold resistance (lightly wounded, fast, strong) Duvessa is moderately wounded.
You feel life coursing into your body. Duvessa barely misses you.
Unknown command.
Casting: Vampiric Draining (dangerous; 4% risk of failure)
Confirm with . or Enter, or press ? or * to list all spells.
Aiming: Vampiric Draining (dangerous; 4% risk of failure)
Press: ? - help, Shift-Dir - straight line, f/p - Duvessa
Aim: Duvessa, wielding a +2 rapier of speed and wearing a +2 leather armour of cold resistance (moderately wounded, fast, strong) Duvessa is heavily wounded.
You feel life coursing into your body.
Duvessa hits you with a +2 rapier of speed!
* * * LOW HITPOINT WARNING * * *
Duvessa hits you with a +2 rapier of speed!
* * * LOW HITPOINT WARNING * * *
It was a potion of curing.
You feel better.
Duvessa hits you with a +2 rapier of speed!
* * * LOW HITPOINT WARNING * * *
Dowan gestures wildly while chanting.
Dowan blinks!
Duvessa hits you with a +2 rapier of speed!
* * * LOW HITPOINT WARNING * * *
Your magical essence is drained by the effort!
You feel much better.
Duvessa hits you with a +2 rapier of speed!
* * * LOW HITPOINT WARNING * * *
Duvessa hits you with a +2 rapier of speed!
* * * LOW HITPOINT WARNING * * *
Duvessa hits you with a +2 rapier of speed!
You die...

..##..<....########
.e...............>#
##.#####.#.#.####.#
#..#....§##.# ##.#
##.#.##.....###.∩#
.....#.........#
#.#.##.####.########
# .##....†...e.# .#
..######)###@#..# ,
#...#.#..## ,
#...#.....#
#...#.#.### *,**
#.......# , ,
#....####
,###.####....#
...$..††....# ...
###..###†.#.#


You could see Duvessa (fast, strong).

Vanquished Creatures
  A howler monkey (D:4)
  3 worker ants (D:4)
  2 adders
  An ooze (D:4)
  A worm (D:1)
  2 bats
  2 giant cockroaches
  3 goblins
  A hobgoblin (D:1)
  8 jackals
  2 frilled lizards
  4 kobolds
  2 rats
32 creatures vanquished.

Notes
Turn   | Place    | Note
-------+----------+-------------------------------------------
     0 | D:1      | Flugkiller the Deep Dwarf Necromancer began the quest for
                  | the Orb.
     0 | D:1      | Reached XP level 1. HP: 15/15 MP: 3/3
   289 | D:1      | Learned a level 1 spell: Animate Skeleton
   493 | D:1      | Reached XP level 2. HP: 24/24 MP: 3/5
   649 | D:3      | Reached skill level 1 in Fighting
   734 | D:3      | Found an iron altar of Okawaru.
   737 | D:3      | Reached XP level 3. HP: 31/31 MP: 3/6
   773 | D:3      | Found a glowing golden altar of the Shining One.
   777 | D:3      | Found an ornate altar of the Wu Jian Council.
   777 | D:3      | Found a shimmering altar of Xom.
   778 | D:3      | Found a stormy altar of Qazlal.
   952 | D:4      | Noticed a scorpion
   981 | D:4      | Noticed an ogre
  1017 | D:4      | Reached skill level 5 in Necromancy
  1036 | D:4      | Learned a level 3 spell: Vampiric Draining
  1057 | D:4      | Reached XP level 4. HP: 24/38 MP: 1/8
  1237 | D:4      | Found Kaemiv's Assorted Antiques.
  1242 | D:4      | Reached XP level 5. HP: 35/44 MP: 1/10
  1257 | D:4      | Noticed Dowan
  1284 | D:4      | Noticed Duvessa
  1305 | D:4      | Slain by Duvessa

Illustrated notes

Levels and vault maps discovered:
D:1:      wheals_arrival_linesprint, layout_loops_cross, serial_bayou_ford_a,
          minmay_bisected
D:2:      layout_basic, first_ration
D:3:      layout_basic, chequers_temple_overflow_statue_of_worship,
          okawaru_metal_pillars_3, lemuel_altar_in_water
D:4:      layout_basic, serial_shops, shop, uniq_duvessa

Skill      XL: |  1  2  3  4 |
---------------+-------------+-----
Spellcasting   | 2 3 |  3.3
Fighting       | 1 |  1.0
Necromancy     | 5 |  5.8
Dodging        | |  2.1
Stealth        | |  2.4

Action                   |  1- 3 |  4- 6 || total
-------------------------+-------+-------++-------
Melee: Unarmed           |    27 |       ||    27
       Dagger            |    27 |    26 ||    53
 Cast: Pain              |    39 |     2 ||    41
       Animate Skeleton  |     5 |       ||     5
       Vampiric Draining |       |     7 ||     7
 Abil: Heal Wounds       |       |     1 ||     1
  Use: Potion            |       |     1 ||     1
  Eat: Chunk             |       |     2 ||     2
Armor: Robe              |    16 |     7 ||    23
Dodge: Dodged            |    50 |    19 ||    69
